[Event "Team 45 45 League T32"]
[Site "Internet Chess Club"]
[Date "2007.01.27"]
[Round "2"]
[White "DeepHmm"]
[Black "Gil-galad"]
[Result "0-1"]
[WhiteElo "2013"]
[BlackElo "2089"]
[ECO "E92"]
[TimeControl "2700+45"]

1. d4 Nf6 2. c4 g6 3. Nc3 Bg7 4. e4 d6 5. Nf3 O-O 6. Be2 e5 7. d5 a5 8. Bg5 h6
9. Bh4 Na6 10. Nd2 Qe8 11. O-O Nh7 12. a3 Bd7 13. b3 f5 14. exf5 Bxf5 15. Nde4
Bxe4 16. Nxe4 Rf4 17. Bf3 Rxh4 18. g3 Rxe4 19. Bxe4 Nc5 20. f3 Ng5 21. Qc2 Kh7
22. h4 Ngxe4 23. fxe4 a4 24. b4 Nb3 25. Rae1 Nd4 26. Qc3 Qd7 27. Kg2 Qg4 28. c5
Rf8 29. Qd3 Rxf1 30. Rxf1 Kg8 31. cxd6 cxd6 32. Rf2 h5 33. Rf1 b5 34. Rc1 Ne2
{White resigns} 0-1

[Event "Team 45 45 League T32"]
[Site "Internet Chess Club"]
[Date "2007.01.28"]
[Round "2"]
[White "gorgon"]
[Black "achessman"]
[Result "1-0"]
[WhiteElo "2118"]
[BlackElo "1975"]
[ECO "D11"]
[TimeControl "2700+45"]

1. d4 d5 2. c4 c6 3. Nf3 e6 4. Qc2 Nf6 5. g3 Bb4+ 6. Bd2 Bxd2+ 7. Nbxd2 O-O 8.
Bg2 Nbd7 9. O-O Qe7 10. Ne5 Nxe5 11. dxe5 Nd7 12. Qc3 f6 13. exf6 Qxf6 14. Qxf6
Nxf6 15. e4 dxe4 16. Nxe4 Nxe4 17. Bxe4 Bd7 18. Rfd1 Rad8 19. Rd6 Bc8 20. Rad1
Rxd6 21. Rxd6 Kf7 22. f4 Ke7 23. c5 h6 24. h4 Rd8 25. Rxd8 Kxd8 26. Kf2 Ke7 27.
Ke3 Kf6 28. Kd4 h5 29. Bf3 g6 30. Be4 Bd7 31. b4 a6 32. a4 Be8 33. b5 axb5 34.
axb5 Bd7 35. Bf3 Kf5 36. Be4+ Kg4 37. Ke5 Kxg3 38. b6 Be8 39. Kd6 Kxf4 40. Bd3
g5 41. hxg5 h4 42. Bf1 Kg3 43. Kc7 Bh5 44. Kxb7 Be2 45. Bxe2 h3 46. g6 h2 47. g7
h1=Q 48. g8=Q+ Kf2 49. Qxe6 {Black resigns} 1-0

[Event "Team 45 45 League T32"]
[Site "Internet Chess Club"]
[Date "2007.01.27"]
[Round "2"]
[White "Squaredance"]
[Black "Vael"]
[Result "1-0"]
[WhiteElo "1957"]
[BlackElo "1876"]
[ECO "A00"]
[TimeControl "2700+45"]

1. Nc3 d5 2. e4 dxe4 3. Nxe4 Nc6 4. Nf3 e6 5. d4 Nf6 6. Nxf6+ Qxf6 7. Bg5 Qf5 8.
Bd3 Qd5 9. c4 Qa5+ 10. Bd2 Bb4 11. a3 Bxd2+ 12. Qxd2 Qxd2+ 13. Kxd2 Bd7 14. b4
O-O 15. b5 Ne7 16. Ne5 Rfd8 17. Rhe1 Be8 18. Kc3 Nc8 19. h4 Nb6 20. a4 Nd7 21.
Be4 Nxe5 22. dxe5 Rab8 23. Rad1 Rxd1 24. Rxd1 h6 25. f4 Kf8 26. g4 Ke7 27. h5 b6
28. g5 Rd8 29. Rg1 Kf8 30. Ra1 f6 31. exf6 Bxh5 32. fxg7+ Kxg7 33. Rh1 Bf7 34.
gxh6+ Kf6 35. Bc2 Bg6 36. h7 Rh8 37. Rh6 {Black resigns} 1-0